 Dungeon Crawl Stone Soup version 0.30.2 (webtiles) character file.

Game seed: 11951438155217016544

555 Ashen the Ogre Mage (level 7, 0/66 HPs)
             Began as an Ogre Hedge Wizard on Jan 22, 2024.
             Was an Initiate of Vehumet.
             Succumbed to a scorpion's poison
             ... on level 4 of the Dungeon.
             The game lasted 00:13:55 (4609 turns).

Ashen the Ogre Mage (Ogre Hedge Wizard)             Turns: 4609, Time: 00:13:55

Health: 0/66       AC:  4    Str: 12 (15) XL:     7   Next: 30%
Magic:  9/15       EV:  9    Int: 15 (17) God:    Vehumet [......]
Gold:   210        SH:  0    Dex:  6 (8)  Spells: 3/16 levels left

rFire   . . .        k - +2 dagger (venom)
rCold   + . .        (no shield)
rNeg    . . .        b - +0 robe
rPois   .            c - +0 hat
rElec   .            n - +0 cloak
rCorr   .            (gloves unavailable)
SInv    .            (boots unavailable)
Will    .....        (no amulet)
Stlth   ++           l - ring of protection from cold
HPRegen 0.31/turn    (no ring)
MPRegen 0.14/turn

%: no passive effects
@: lethally poisoned (0 -> -3), on berserk cooldown, flying, slowed, very slow
A: large, unfitting armour, tough skin 1
a: Renounce Religion


You were on level 4 of the Dungeon.
You worshipped Vehumet.
Vehumet was noncommittal.
You visited 1 branch of the dungeon, and saw 4 of its levels.

You collected 210 gold pieces.

Inventory:

Hand Weapons
 k - a +2 dagger of venom (weapon)
 o - a +1 whip of venom
 v - a +0 flail
Armour
 b - a +0 robe (worn)
 c - a +0 hat (worn)
 n - a +0 cloak (worn)
Jewellery
 l - a ring of protection from cold (left hand)
Wands
 y - a wand of paralysis (2)
Scrolls
 a - 2 scrolls of fear {unknown}
 g - 2 scrolls of summoning
 h - 2 scrolls of vulnerability {unknown}
 m - 3 scrolls of identify {unknown}
 t - a scroll of torment {unknown}
 u - a scroll of enchant weapon {unknown}
 w - a scroll of blinking {unknown}
 x - a scroll of acquirement {unknown}
 B - a scroll of enchant armour {unknown}
Potions
 d - 2 potions of degeneration
 e - a potion of resistance {unknown}
 f - a potion of curing {unknown}
 i - a potion of berserk rage
 j - a potion of mutation {unknown}
 p - a potion of flight
 q - a potion of brilliance {unknown}
 r - a potion of invisibility {unknown}
 s - a potion of haste {unknown}
 z - a potion of ambrosia {unknown}
 A - a potion of heal wounds {unknown}


   Skills:
 + Level 2.6 Fighting
 + Level 2.8 Dodging
 + Level 2.3 Stealth
 * Level 5.4 Spellcasting
 * Level 3.3 Conjurations
 - Level 1.0 Summonings
 - Level 1.0 Translocations
 * Level 1.8 Ice Magic
 * Level 1.8 Air Magic


You had 3 spell levels left.
You knew the following spells:

 Your Spells              Type           Power      Damage    Failure   Level
a - Magic Dart            Conj           52%        1d5       4%          1
b - Blink                 Tloc           14%        N/A       16%         2
c - Call Imp              Summ           14%        N/A       16%         2
d - Mephitic Cloud        Conj/Pois/Air  9%         N/A       24%         3
e - Freezing Cloud        Conj/Ice/Air   5%         6-21      86%         5

Your spell library contained the following spells:

 Spells                   Type           Power      Damage    Failure   Level
 Slow                     Hex            16%        N/A       16%         1
 Poisonous Vapours        Pois/Air       12%        N/A       16%         2
 Cigotuvi's Dreadful Rot  Necr/Pois/Air  10%        N/A       19%         2


Dungeon Overview and Level Annotations

Branches:
Dungeon (4/15)
 Temple: D:4-7

Altars:
Ru
Vehumet
Xom

Shops:
D:3 [


Innate Abilities, Weirdness & Mutations

You are too large for most types of armour.
You have tough skin. (AC +1)


Message History

* * * LOW HITPOINT WARNING * * *
You are lethally poisoned!
The scorpion poisons you!
Your orc hits the scorpion with a +0 morningstar!
The scorpion dies!
Vehumet accepts your kill.
There is a lethal amount of poison in your body!
* * * LOW HITPOINT WARNING * * *
You feel very sick.
Okay, then.
It was a potion of degeneration.
There was something very wrong with that liquid.
You feel weakened.
You feel dopey.
You feel clumsy.
* * * LOW HITPOINT WARNING * * *
You feel very sick.
Okay, then.
It was a potion of flight.
You feel very buoyant.
You fly up into the air.
* * * LOW HITPOINT WARNING * * *
You feel very sick.
It was a potion of berserk rage.
A red film seems to cover your vision as you go berserk!
You feel yourself moving faster!
You feel mighty!
* * * LOW HITPOINT WARNING * * *
You feel sick.
You feel a strong urge to attack something.
* * * LOW HITPOINT WARNING * * *
You feel sick.
Your orc dissolves into shadows!
You are too berserk!
* * * LOW HITPOINT WARNING * * *
You feel sick.
You feel your anger nearly subside.
You are no longer berserk.
You are exhausted.
You feel yourself slow down.
* * * LOW HITPOINT WARNING * * *
You feel sick.
You die...

#.. M. ####5#
#....# ###
+#######'.# ..#
#...#...#.# #.#
#...#.).#.# #.#
#.......######.####
###._.####@†......#
#.....5.##^†.#.##.#
#...#.†.#......# #
#...#..)#....#.#
+#######'......#
#......####
####...#####.#
##........# #
#.........#.#######


There were no monsters in sight!

Vanquished Creatures
  An orc priest (D:3)
  Jessica (D:2)
  Ijyb (D:3)
  2 orc wizards
  13 adders
  A worm (D:3)
  2 dart slugs
  11 orcs
  6 ball pythons
  13 endoplasms
  5 giant cockroaches
  16 goblins
  9 hobgoblins
  3 jackals
  7 kobolds
  2 quokkas (D:2)
  6 bats
  7 frilled lizards
  5 rats
111 creatures vanquished.

Vanquished Creatures (collateral kills)
  Menkaure (D:4)
  A scorpion (D:4)
2 creatures vanquished.

Vanquished Creatures (others)
  A giant cockroach (D:3)
  A rat (D:3)
2 creatures vanquished.

Grand Total: 115 creatures vanquished

Notes
Turn   | Place    | Note
-------+----------+-------------------------------------------
     0 | D:1      | Ashen the Ogre Hedge Wizard began the quest for the Orb.
     0 | D:1      | Reached XP level 1. HP: 16/16 MP: 5/5
   189 | D:1      | Reached skill level 1 in Conjurations
   249 | D:1      | Reached skill level 1 in Summonings
   249 | D:1      | Reached skill level 1 in Translocations
   303 | D:1      | Reached XP level 2. HP: 24/24 MP: 2/6
  1093 | D:1      | Reached skill level 4 in Spellcasting
  1095 | D:1      | Reached XP level 3. HP: 31/32 MP: 2/8
  1415 | D:2      | Reached skill level 1 in Fighting
  1688 | D:2      | Reached XP level 4. HP: 41/41 MP: 7/10
  2518 | D:2      | Noticed Jessica
  2526 | D:2      | Killed Jessica
  2527 | D:2      | Reached XP level 5. HP: 44/49 MP: 6/12
  2621 | D:3      | Noticed Ijyb
  2811 | D:3      | Learned a level 2 spell: Blink
  2814 | D:3      | Learned a level 2 spell: Call Imp
  2818 | D:3      | Learned a level 3 spell: Mephitic Cloud
  2824 | D:3      | Learned a level 5 spell: Freezing Cloud
  2844 | D:3      | Paralysed by Ijyb for 2 turns
  3006 | D:3      | HP: 2/49 [orc priest/+0 flail (5)]
  3008 | D:3      | Reached skill level 5 in Spellcasting
  3185 | D:3      | Reached XP level 6. HP: 57/57 MP: 10/13
  3516 | D:3      | Found a shimmering altar of Xom.
  3539 | D:3      | Reached skill level 1 in Air Magic
  3699 | D:3      | Killed Ijyb
  3844 | D:3      | Found Bissareo's Armour Emporium.
  3978 | D:3      | Reached skill level 1 in Ice Magic
  4167 | D:3      | Found a radiant altar of Vehumet.
  4174 | D:3      | Became a worshipper of Vehumet
  4529 | D:4      | Found a sacrificial altar of Ru.
  4563 | D:4      | Noticed Menkaure
  4590 | D:4      | Killed Menkaure
  4591 | D:4      | Reached XP level 7. HP: 26/66 MP: 10/15
  4604 | D:4      | HP: 4/99 [poisoned by a scorpion]
  4608 | D:4      | HP: 1/66 [poisoned by a scorpion]
  4609 | D:4      | Succumbed to a scorpion's poison

Illustrated notes

Levels and vault maps discovered:
D:1:      kennysheep_arrival_seaside, layout_basic, fountainhead
D:2:      wad_crossroads, layout_loops_ring, kennysheep_jessica_study
D:3:      layout_rooms, nicolae_vehumet_altar_sigil, xom_confusion_cloud,
          serial_shops, nicolae_shop_tiny_statue_garden, minmay_unequal,
          uniq_ijyb, uniq_jessica
D:4:      layout_loops_corners, nicolae_ru_great_annihilating_truth,
          uniq_menkaure

Skill      XL: |  1  2  3  4  5  6 |
---------------+-------------------+-----
Conjurations   | 1 2 3 |  3.3
Summonings     | 1 |  1.0
Translocations | 1 |  1.0
Dodging        | 2 |  2.8
Spellcasting   | 4 5 |  5.4
Fighting       | 1 2 |  2.6
Stealth        | 2 |  2.3
Air Magic      | 1 |  1.8
Ice Magic      | 1 |  1.8

Action                     |  1- 3 |  4- 6 |  7- 9 || total
---------------------------+-------+-------+-------++-------
  Melee: Dagger            |    46 |   148 |     1 ||   195
         Punch             |       |     1 |       ||     1
   Cast: Magic Dart        |    78 |   135 |     4 ||   217
         Mephitic Cloud    |       |     2 |       ||     2
         Call Imp          |       |     2 |       ||     2
    Use: Potion            |     1 |       |     3 ||     4
         Scroll            |       |     1 |       ||     1
   Stab: Sleeping          |     1 |     4 |       ||     5
         Paralysed         |       |     1 |       ||     1
 Armour: Robe              |    50 |    66 |       ||   116
  Dodge: Dodged            |    44 |    94 |     3 ||   141
